 Dungeon Crawl Stone Soup version 0.29-a0-337-g68df138881 (webtiles) character file.

Game seed: 7533265701548016446

448 Dauddaud the Cleaver (level 6, -13/51 HPs)
             Began as a Minotaur Berserker on Apr 16, 2022.
             Was a Believer of Trog.
             Mangled by an ogre
             ... wielding a +0 giant club
              (30 damage)
             ... on level 4 of the Dungeon.
             The game lasted 00:06:03 (2989 turns).

Dauddaud the Cleaver (Minotaur Berserker)           Turns: 2989, Time: 00:06:03

Health: -13/51     AC: 12    Str: 23    XL:     6   Next: 73%
Magic:  5/5        EV:  8    Int:  4    God:    Trog [**....]
Gold:   84         SH:  0    Dex: 10    Spells: 5/5 levels left

rFire   . . .      SeeInvis .   a - +0 hand axe
rCold   . . .      Faith    .   (no shield)
rNeg    . . .      Spirit   .   k - +0 chain mail
rPois   .          Reflect  .   j - +1 hat
rElec   .          Harm     .   h - +0 cloak
rCorr   .          Rampage  .   e - +0 pair of gloves
Will    .....                   (no boots)
Stlth   ..........              (no amulet)
HPRegen 0.17/turn               (no ring)
MPRegen 0.09/turn               (no ring)

@: no status effects
A: horns 2, retaliatory headbutt
a: Renounce Religion, Berserk, Trog's Hand


You were on level 4 of the Dungeon.
You worshipped Trog.
Trog was pleased with you.
You visited 1 branch of the dungeon, and saw 4 of its levels.

You collected 84 gold pieces.

Inventory:

Hand Weapons
 a - a +0 hand axe (weapon)
Missiles
 d - 10 poisoned darts (quivered)
Armour
 b - a +0 animal skin
 e - a +0 pair of gloves (worn)
 h - a +0 cloak (worn)
 j - a +1 hat (worn)
 k - a +0 chain mail (worn)
Scrolls
 c - a scroll of fog {unknown}
 g - 2 scrolls of holy word {unknown}
 l - a scroll of brand weapon {unknown}
 m - a scroll of summoning {unknown}
 n - a scroll of identify {unknown}
 o - a scroll of enchant armour {unknown}
 p - a scroll of torment {unknown}
 q - a scroll of amnesia {unknown}
Potions
 f - 2 potions of haste {unknown}
 i - 2 potions of might {unknown}
 r - a potion of flight {unknown}
 s - a potion of heal wounds {unknown}
 t - a potion of brilliance {unknown}


   Skills:
 - Level 3.6 Fighting
 + Level 9.2 Axes
 - Level 2.4 Armour
 - Level 2.1 Dodging


You had 5 spell levels left.
You didn't know any spells.
Your spell library was empty.

Dungeon Overview and Level Annotations

Branches:
Dungeon (4/15)
 Temple: D:4-7

Altars:


Innate Abilities, Weirdness & Mutations

You have a pair of horns on your head.
You reflexively headbutt those who attack you in melee.


Message History

Found a scroll labelled NUORCH EKHLUI.
The ogre hits you with a +0 giant club!!
Ouch! That really hurt!
You are too injured to fight recklessly!
You are too injured to fight recklessly!
You are too injured to fight recklessly!
You are too injured to fight recklessly!
You are too injured to fight recklessly!
You are too injured to fight recklessly!
You hit the ogre.
The ogre is lightly wounded.
You slash the ogre!
You headbutt the ogre, but do no damage.
The ogre is moderately wounded.
The ogre barely misses you.
You hit the ogre. Your headbutt misses the ogre.
The ogre is heavily wounded.
You barely miss the ogre. You headbutt the ogre.
The ogre is heavily wounded.
The ogre barely misses you.
You barely miss the ogre. You headbutt the ogre.
The ogre is severely wounded.
You hit the ogre.
The ogre is severely wounded.
The ogre hits you with a +0 giant club!
You barely miss the ogre.
The ogre is severely wounded.
The ogre closely misses you.
You hit the ogre. Your headbutt misses the ogre.
The ogre is severely wounded.
You barely miss the ogre.
The ogre is severely wounded.
The ogre completely misses you.
You hit the ogre.
The ogre is almost dead.
You hit the ogre. Your headbutt misses the ogre.
The ogre is almost dead.
The ogre hits you with a +0 giant club!!
Ouch! That really hurt!
You die...

##.####.#
#.
#.......#
##. .#
##.######
.? .# #.#
##.. .##
#.# #.#.
..# #.#
#..##.# #.#
#O#..#
#.####
#.@..#
#....#
###..#
####.# #..#
#.#
...#####..#
#.#
..........#
##.##
.#######..#
##...##
#..#
#.###.#
#..# #.#
#.. #..#
#####.###.#


You could see an ogre.

Vanquished Creatures
  Grinder (D:4)
  A black bear (D:4)
  2 orc priests (D:3)
  3 adders
  2 orcs (D:3)
  6 endoplasms
  2 giant cockroaches
  10 hobgoblins
  6 jackals
  2 quokkas (D:1)
  4 ball pythons
  8 bats
  4 goblins
  7 kobolds
  4 rats
62 creatures vanquished.

Vanquished Creatures (others)
  2 plants (D:2)
2 creatures vanquished.

Grand Total: 64 creatures vanquished

Notes
Turn   | Place    | Note
-------+----------+-------------------------------------------
     0 | D:1      | Dauddaud the Minotaur Berserker began the quest for the
                  | Orb.
     0 | D:1      | Reached XP level 1. HP: 19/19 MP: 0/0
    88 | D:1      | Reached skill level 4 in Axes
   433 | D:1      | Reached XP level 2. HP: 26/26 MP: 1/1
   884 | D:1      | Reached skill level 5 in Axes
  1070 | D:2      | Reached ** piety under Trog
  1072 | D:2      | Reached XP level 3. HP: 31/31 MP: 2/2
  1585 | D:2      | Noticed a great orb of eyes
  1603 | D:2      | Found a faded altar of an unknown god.
  1739 | D:2      | Noticed a shining eye
  1744 | D:2      | Noticed a shining eye
  1747 | D:2      | Noticed a floating eye
  1963 | D:3      | Reached skill level 6 in Axes
  1963 | D:3      | Reached XP level 4. HP: 36/39 MP: 3/3
  2274 | D:3      | Reached skill level 7 in Axes
  2274 | D:3      | Reached XP level 5. HP: 12/45 MP: 4/4
  2667 | D:4      | Noticed Grinder
  2676 | D:4      | Killed Grinder
  2677 | D:4      | Reached skill level 8 in Axes
  2677 | D:4      | Reached XP level 6. HP: 51/51 MP: 5/5
  2946 | D:4      | Reached skill level 9 in Axes
  2989 | D:4      | Mangled by an ogre

Illustrated notes

Levels and vault maps discovered:
D:1:      psy_arrival_fountain, layout_loops_corners, bh_walls_and_bars
D:2:      layout_basic, hellmonk_ecumenical_altar_watching_god,
          roderic_lattice_a, serial_bayou_pond_c
D:3:      layout_basic, minivault_23, corexii_item_surrounded_by_moat,
          kennysheep_generic_room_10
D:4:      layout_loops_ring, nicolae_overflows_in_rows, uniq_pikel,
          uniq_natasha, uniq_grinder

Skill      XL: |  1  2  3  4  5  6 |
---------------+-------------------+-----
Axes           | 4 5 6 7 8 9 |  9.2
Fighting       | |  3.6
Armour         | |  2.4
Dodging        | |  2.1

Action                   |  1- 3 |  4- 6 || total
-------------------------+-------+-------++-------
Melee: Hand axe          |    84 |    55 ||   139
       Headbutt          |     4 |    12 ||    16
Invok: Berserk           |     1 |     2 ||     3
Armor: Animal skin       |    13 |       ||    13
       Chain mail        |    15 |    16 ||    31
Dodge: Dodged            |    60 |    15 ||    75

Table legend: (Time is in decaauts)
 A = Elapsed time spent in this place.
 B = Non-inter-level travel time spent in this place.
 C = Inter-level travel time spent in this place.
 D = Time resting spent in this place.
 E = Time spent auto-exploring this place.
 F = Levels seen in this place.
 G = Mean time per level.
                   A        B        C        D        E       F      G
               +--------+--------+--------+--------+--------+-----+--------+
         Total |   3014 |   2931 |     83 |    625 |   1940 |   4 |  753.5 |
       Dungeon |   3014 |   2931 |     83 |    625 |   1940 |   4 |  753.5 |
               +--------+--------+--------+--------+--------+-----+--------+

Top non-repeatable levels by time:
     D:1: 1069 daAuts
     D:3: 834 daAuts
     D:2: 786 daAuts
     D:4: 325 daAuts
